[Event "FIDE Online Olympiad Div 2 Pool A 2020"]
[Site "Online"]
[Date "2020.08.15"]
[Round "5"]
[White "Schulze, Lara"]
[Black "Omurbekova, Diana"]
[Result "1-0"]
[ECO "B06"]
[WhiteElo "2133"]
[BlackElo "1876"]
[Annotator "broadcasts"]
[PlyCount "123"]
[EventDate "2020.08.14"]
[EventType "team-tourn"]
[TimeControl "900+5"]

1. e4 g6 2. d4 Bg7 3. Nf3 d6 4. Bc4 Nf6 5. Qe2 O-O 6. e5 Ne8 7. O-O c5 8. dxc5 dxe5 9. Nc3 Bg4 10. h3 Bxf3 11. Qxf3 Nc6 12. Rd1 Qa5 13. Ne4 Nd4 14. Qd3 Nf6 15. Nxf6+ exf6 16. c3 Ne6 17. b4 Qc7 18. Bxe6 fxe6 19. Qc4 Kf7 20. Rd6 Rfe8 21. Be3 Bf8 22. Rd2 Rad8 23. Rad1 f5 24. Bg5 Rxd2 25. Rxd2 h6 26. Qb5 Qc6 27. Rd7+ Kg8 28. Qxc6 bxc6 29. Bf6 a5 30. Bxe5 axb4 31. cxb4 Ra8 32. b5 Ra5 33. b6 Rxc5 34. b7 Rc1+ 35. Kh2 Rb1 36. b8=Q Rxb8 37. Bxb8 Bc5 38. Be5 Bxf2 39. a4 g5 40. a5 Kf8 41. a6 Ke8 42. Rh7 f4 43. a7 Bxa7 44. Rxa7 c5 45. Kg1 c4 46. Kf2 h5 47. Kf3 Kd8 48. Ke4 Kc8 49. Kd4 g4 50. hxg4 hxg4 51. Bxf4 g3 52. Rc7+ Kd8 53. Rxc4 e5+ 54. Kxe5 Kd7 55. Kd5 Ke7 56. Be5 Kf7 57. Rc7+ Kg6 58. Ke6 Kg5 59. Rg7+ Kh6 60. Rxg3 Kh5 61. Kf5 Kh4 62. Rh3# 1-0

[Event "FIDE Online Olympiad Div 2 Pool A 2020"]
[Site "Online"]
[Date "2020.08.15"]
[Round "5"]
[White "Vogel, Roven"]
[Black "Sezdbekov, Arzybek"]
[Result "1-0"]
[ECO "D37"]
[WhiteElo "2110"]
[BlackElo "996"]
[Annotator "broadcasts"]
[PlyCount "61"]
[EventDate "2020.08.14"]
[EventType "team-tourn"]
[TimeControl "900+5"]

1. d4 Nf6 2. Nf3 e6 3. c4 d5 4. Nc3 a6 5. cxd5 exd5 6. Bg5 c6 7. Qc2 Bb4 8. e3 Bg4 9. Ne5 Bh5 10. Bd3 Bg6 11. O-O Nbd7 12. Nxd7 Qxd7 13. Bxf6 gxf6 14. Na4 Qc7 15. Rac1 Rg8 16. g3 Bd6 17. Bf5 h5 18. Kh1 h4 19. gxh4 Bxh2 20. f4 Bg3 21. Bxg6 Rxg6 22. h5 Rh6 23. Kg2 Bh4 24. Qf5 Qa5 25. Nc3 Ke7 26. Kf3 Rg8 27. Rg1 Rgh8 28. b4 Qd8 29. Rg7 Rxh5 30. Qg6 Qe8 31. Rh1 1-0

[Event "FIDE Online Olympiad Div 2 Pool A 2020"]
[Site "Online"]
[Date "2020.08.15"]
[Round "5"]
[White "Tologontegin, Semetey"]
[Black "Wagner, Dennis"]
[Result "1-0"]
[ECO "B13"]
[WhiteElo "2007"]
[BlackElo "2212"]
[Annotator "broadcasts"]
[PlyCount "95"]
[EventDate "2020.08.14"]
[EventType "team-tourn"]
[TimeControl "900+5"]

1. d4 Nf6 2. Nc3 d5 3. Bf4 c5 4. e3 cxd4 5. exd4 a6 6. Bd3 Nc6 7. Nge2 Bg4 8. f3 Bh5 9. h4 e6 10. g4 Bg6 11. h5 Bxd3 12. Qxd3 h6 13. O-O-O Bd6 14. Qe3 Na5 15. b3 Rc8 16. Kb1 Bxf4 17. Nxf4 O-O 18. Nce2 Nd7 19. Nd3 Qg5 20. Qg1 e5 21. dxe5 Nxe5 22. f4 Qxg4 23. fxe5 Qxe2 24. Rh2 Qe4 25. Rg2 Qh7 26. Qb6 Nc6 27. Rdg1 Rfe8 28. Rxg7+ Qxg7 29. Rxg7+ Kxg7 30. Qxb7 Nd4 31. Qxd5 Nxc2 32. Nc5 Na3+ 33. Kb2 Nb5 34. e6 fxe6 35. Nxe6+ Kf6 36. Nf4 Rcd8 37. Qc6+ Kf5 38. Qxa6 Rd2+ 39. Kc1 Rd4 40. Qg6+ Kxf4 41. Qxe8 Nd6 42. Qf8+ Ke4 43. Qxh6 Nf5 44. Qg6 Rd5 45. h6 Kd3 46. h7 Rc5+ 47. Kb2 Rc2+ 48. Ka3 1-0

[Event "FIDE Online Olympiad Div 2 Pool A 2020"]
[Site "Online"]
[Date "2020.08.15"]
[Round "5"]
[White "Sezdbekova, Aizhan"]
[Black "Muetsch, Annmarie"]
[Result "0-1"]
[ECO "B50"]
[WhiteElo "1806"]
[BlackElo "2354"]
[Annotator "broadcasts"]
[PlyCount "68"]
[EventDate "2020.08.14"]
[EventType "team-tourn"]
[TimeControl "900+5"]

1. e4 c5 2. Nf3 Nc6 3. c3 Nf6 4. Bd3 d6 5. Bc2 g6 6. d4 cxd4 7. cxd4 Bg7 8. Nc3 O-O 9. Bg5 h6 10. Be3 b6 11. h3 Ba6 12. a3 Na5 13. b4 Nc4 14. Bf4 Rc8 15. b5 Bb7 16. O-O Na5 17. Qd2 Qc7 18. e5 dxe5 19. dxe5 Nh5 20. Bxh6 Qxc3 21. Rac1 Qxd2 22. Bxd2 Bxf3 23. gxf3 Bxe5 24. Be4 Rxc1 25. Rxc1 Nb3 26. Rc2 Rd8 27. Be1 Nf4 28. h4 Nc5 29. Kf1 Nxe4 30. fxe4 Rd1 31. Rc8+ Kg7 32. Ra8 Bc3 33. f3 Bxe1 34. Rxa7 Bxh4# 0-1

[Event "FIDE Online Olympiad Div 2 Pool A 2020"]
[Site "Online"]
[Date "2020.08.15"]
[Round "5"]
[White "Mairambekova, Aiperi"]
[Black "Osmanodja, Filiz"]
[Result "0-1"]
[ECO "E11"]
[WhiteElo "1014"]
[BlackElo "2094"]
[Annotator "broadcasts"]
[PlyCount "66"]
[EventDate "2020.08.14"]
[EventType "team-tourn"]
[TimeControl "900+5"]

1. d4 Nf6 2. c4 e6 3. Nf3 Bb4+ 4. Bd2 a5 5. g3 O-O 6. Bg2 d5 7. c5 Ne4 8. O-O Nc6 9. a3 Bxd2 10. Nbxd2 f5 11. e3 b6 12. cxb6 cxb6 13. Rc1 Bb7 14. Ne5 Nxe5 15. dxe5 Nc5 16. Nb3 Ba6 17. Nxc5 bxc5 18. Re1 Qe7 19. Qa4 Qc7 20. Rc2 Bd3 21. Rc3 c4 22. f4 Qb6 23. b3 d4 24. Rxd3 cxd3 25. Bxa8 dxe3 26. Qc6 d2 27. Kf1 dxe1=Q+ 28. Kxe1 Qxb3 29. Ke2 Rd8 30. Qc1 Rd2+ 31. Ke1 Rc2 32. Qd1 Qc3+ 33. Kf1 Rc1 0-1

[Event "FIDE Online Olympiad Div 2 Pool A 2020"]
[Site "Online"]
[Date "2020.08.15"]
[Round "6"]
[White "Schulze, Lara"]
[Black "Badelka, Olga"]
[Result "1-0"]
[ECO "B30"]
[WhiteElo "2213"]
[BlackElo "2085"]
[Annotator "broadcasts RC"]
[PlyCount "137"]
[EventDate "2020.08.14"]
[EventType "team-tourn"]
[TimeControl "900+5"]

1. e4 c5 2. Nf3 Nc6 3. Bb5 e6 4. O-O Nge7 5. Re1 Nd4 6. Nxd4 cxd4 7. c3 a6 8. Bf1 Nc6 9. b4 Be7 10. a4 O-O 11. Na3 dxc3 12. dxc3 Bf6 13. Qb3 d5 14. Be3 Qc7 15. Rac1 dxe4 16. Bc5 Be7 17. Rxe4 Na5 18. Qd1 Bxc5 19. bxc5 Qxc5 20. Nc4 Nxc4 21. Rxc4 Qg5 22. Rb1 e5 23. Rc7 Bg4 24. Qd5 Be6 25. Qxb7 a5 26. Bc4 Bxc4 27. Rxc4 h5 28. Rc7 h4 29. h3 Rad8 30. Qe4 Rd2 31. Rc4 Rfd8 32. Qxh4 Qxh4 33. Rxh4 Rd1+ 34. Rxd1 Rxd1+ 35. Kh2 Ra1 36. Rc4 f6 37. Kg3 Kf7 38. Rc7+ Kg6 39. Rc4 Kf5 40. Kf3 Ra2 41. h4 Kg6 42. g4 Kh6 43. Ke3 Kg6 44. f3 Ra1 45. Ke4 Kf7 46. Kd5 Rf1 47. Ke4 Ra1 48. h5 Ke6 49. Rc6+ Kd7 50. Ra6 Rxa4+ 51. Kf5 Rf4+ 52. Kg6 e4 53. fxe4 Rxg4+ 54. Kf7 Rg5 55. h6 gxh6 56. Kxf6 Rc5 57. e5 Rxc3 58. Ra7+ Kd8 59. Rxa5 Rf3+ 60. Ke6 h5 61. Ra8+ Kc7 62. Rh8 Ra3 63. Rxh5 Ra6+ 64. Ke7 Ra7 65. Rh6 Ra8 66. e6 Kc6 67. Kf7 Kd6 68. e7+ Kd7 69. Rh1 1-0

[Event "FIDE Online Olympiad Div 2 Pool A 2020"]
[Site "Online"]
[Date "2020.08.15"]
[Round "6"]
[White "Engel, Luis"]
[Black "Nikitenko, Mihail"]
[Result "0-1"]
[ECO "C77"]
[WhiteElo "2071"]
[BlackElo "2297"]
[Annotator "broadcasts"]
[PlyCount "76"]
[EventDate "2020.08.14"]
[EventType "team-tourn"]
[TimeControl "900+5"]

1. e4 e5 2. Nf3 Nc6 3. Bb5 a6 4. Ba4 Nf6 5. d3 b5 6. Bb3 Be7 7. a4 b4 8. Nbd2 d6 9. Nc4 h6 10. h3 O-O 11. O-O Be6 12. Re1 Nh7 13. d4 exd4 14. Nxd4 Nxd4 15. Qxd4 Nf6 16. Bf4 Nd7 17. Rad1 Nc5 18. Qd2 a5 19. Re3 Bg5 20. Bxg5 Qxg5 21. Qd4 Bxc4 22. Qxc4 Rae8 23. Rd5 Re5 24. h4 Qe7 25. g3 c6 26. Rxe5 Qxe5 27. c3 bxc3 28. bxc3 Nxb3 29. Qxb3 Qc5 30. Rf3 g6 31. Qd1 h5 32. Qd2 Re8 33. Rf6 Rxe4 34. Rxd6 Rxa4 35. Rd7 Qf5 36. Ra7 Ra1+ 37. Kh2 Qf3 38. Qd8+ Kh7 0-1

[Event "FIDE Online Olympiad Div 2 Pool A 2020"]
[Site "Online"]
[Date "2020.08.15"]
[Round "6"]
[White "Stetsko, Lanita"]
[Black "Osmanodja, Filiz"]
[Result "1/2-1/2"]
[ECO "C95"]
[WhiteElo "1955"]
[BlackElo "2064"]
[Annotator "broadcasts"]
[PlyCount "121"]
[EventDate "2020.08.14"]
[EventType "team-tourn"]
[TimeControl "900+5"]

1. e4 e5 2. Nf3 Nc6 3. Bb5 a6 4. Ba4 Nf6 5. O-O b5 6. Bb3 Be7 7. Re1 d6 8. c3 O-O 9. h3 Nb8 10. d4 Nbd7 11. Nbd2 Bb7 12. Bc2 Re8 13. a4 Bf8 14. Bd3 c6 15. b3 g6 16. Bb2 Bg7 17. Qc2 Nh5 18. Bf1 bxa4 19. Rxa4 d5 20. exd5 cxd5 21. dxe5 Nxe5 22. Nxe5 Bxe5 23. Nf3 Bg7 24. Rxe8+ Qxe8 25. Nd4 Nf4 26. Bc1 Ne6 27. Be3 Nc5 28. Rb4 Bc8 29. Ne2 Bf5 30. Qd1 Nd3 31. Rb6 Ne5 32. Qxd5 Be6 33. Qd1 Nd7 34. Rd6 Rb8 35. c4 Be5 36. Rd2 Nf6 37. Bd4 Bf5 38. Bxe5 Qxe5 39. Rd8+ Rxd8 40. Qxd8+ Kg7 41. Qd4 Qxd4 42. Nxd4 Be4 43. c5 a5 44. c6 Ne8 45. Be2 Kf6 46. f3 Bd5 47. Kf2 Ke5 48. Ke3 f5 49. g3 Kd6 50. Bb5 Nc7 51. Ba4 Kc5 52. h4 h5 53. Ne2 Bxc6 54. Bxc6 Kxc6 55. Nf4 Nd5+ 56. Nxd5 Kxd5 57. Kd3 Kc5 58. Kc3 Kd5 59. Kd3 Kc5 60. Kc3 Kd5 61. Kd3 1/2-1/2

[Event "FIDE Online Olympiad Div 2 Pool A 2020"]
[Site "Online"]
[Date "2020.08.15"]
[Round "6"]
[White "Tarasenka, Aliaksandra"]
[Black "Schneider, Jana"]
[Result "1/2-1/2"]
[ECO "C11"]
[WhiteElo "1810"]
[BlackElo "2258"]
[Annotator "broadcasts RC"]
[PlyCount "174"]
[EventDate "2020.08.14"]
[EventType "team-tourn"]
[TimeControl "900+5"]

1. e4 e6 2. d4 d5 3. Nc3 Nf6 4. e5 Nfd7 5. Nce2 c5 6. c3 Nc6 7. f4 Be7 8. Nf3 O-O 9. g3 cxd4 10. Nexd4 Nc5 11. Bg2 Bd7 12. O-O Ne4 13. Be3 Bc5 14. Qd3 Rc8 15. Nb3 Bb6 16. Kh1 Na5 17. Nxa5 Bxe3 18. Qxe3 Qxa5 19. Nd4 Qb6 20. Qe2 Rfe8 21. Rad1 Ba4 22. Rd3 a6 23. Re3 Red8 24. f5 exf5 25. Rxf5 Qg6 26. Rf4 Nc5 27. Nf5 Rc7 28. h4 Bb5 29. Qf3 h5 30. Nd4 Ne4 31. Kh2 Bd7 32. Qe2 Bg4 33. Qd3 Rcd7 34. Bxe4 dxe4 35. Qxe4 Qb6 36. Rf2 g6 37. Qf4 Re8 38. Qg5 Kh7 39. b4 Be6 40. Rf6 Rxd4 41. cxd4 Qxd4 42. Qf4 Qd2+ 43. Qf2 Rd8 44. Re2 Qd5 45. a3 Qc4 46. Rf4 Qb3 47. Qf3 Rd3 48. Qf2 Qd5 49. Re3 Rd2 50. Re2 Rd3 51. Rc2 Rd1 52. Qg2 Qb3 53. Rf3 Qb1 54. Rcf2 Bd5 55. Rxf7+ Bxf7 56. Rxf7+ Kh6 57. Qf2 Rh1+ 58. Kg2 Qe4+ 59. Qf3 Re1 60. Qxe4 Rxe4 61. Re7 Re3 62. e6 Rxa3 63. Rxb7 Re3 64. e7 Re4 65. Kf3 Re1 66. Kf4 Re6 67. g4 hxg4 68. Kxg4 Re4+ 69. Kf3 Re6 70. Kf4 Re1 71. Rb6 Rxe7 72. Rxa6 Re1 73. Rb6 Kh5 74. Rb8 Rf1+ 75. Kg3 Rg1+ 76. Kf2 Rb1 77. Kg3 Rg1+ 78. Kf2 Rb1 79. b5 Kxh4 80. b6 Kg4 81. Ke3 Rb4 82. Kd3 g5 83. Kc3 Rb1 84. b7 Kg3 85. Kc2 Rb6 86. Rg8 Rxb7 87. Rxg5+ Kf4 1/2-1/2

[Event "FIDE Online Olympiad Div 2 Pool A 2020"]
[Site "Online"]
[Date "2020.08.16"]
[Round "7"]
[White "Schneider, Jana"]
[Black "De Rycke, Tyani"]
[Result "1-0"]
[ECO "B45"]
[WhiteElo "2271"]
[BlackElo "1832"]
[Annotator "broadcasts"]
[PlyCount "115"]
[EventDate "2020.08.14"]
[EventType "team-tourn"]
[TimeControl "900+5"]

1. e4 c5 2. Nf3 e6 3. d4 cxd4 4. Nxd4 Nf6 5. Nc3 Nc6 6. Ndb5 Bb4 7. a3 Bxc3+ 8. Nxc3 O-O 9. Bd3 d5 10. exd5 exd5 11. O-O d4 12. Ne2 Bg4 13. Bg5 h6 14. Bh4 Qd6 15. Re1 Rfe8 16. Qd2 Rad8 17. Bg3 Qd7 18. Nf4 Rxe1+ 19. Rxe1 Re8 20. Rxe8+ Qxe8 21. h3 Be6 22. Bb5 Ne4 23. Qd3 Nxg3 24. Qxg3 Bf5 25. Bd3 Bxd3 26. Qxd3 Qe1+ 27. Qf1 Qd2 28. Nd5 Qxc2 29. Qb5 d3 30. Ne3 Qc1+ 31. Kh2 d2 32. Qxb7 Nd4 33. Qa8+ Kh7 34. Qe4+ g6 35. Qxd4 Qe1 36. Qf6 d1=Q 37. Qxf7+ Kh8 38. Nxd1 Qxd1 39. Qxg6 Qd2 40. Qf6+ Kg8 41. f4 a5 42. Qg6+ Kf8 43. Qxh6+ Kf7 44. Qh7+ Kf8 45. Qh8+ Kf7 46. Qe5 Kg8 47. f5 Kf8 48. f6 Kf7 49. Qe7+ Kg6 50. Qg7+ Kf5 51. f7 Qd6+ 52. Qg3 Qf8 53. Qf3+ Ke6 54. b4 axb4 55. axb4 Qd6+ 56. Kh1 Qf8 57. b5 Kd7 58. Qc6+ 1-0

[Event "FIDE Online Olympiad Div 2 Pool A 2020"]
[Site "Online"]
[Date "2020.08.16"]
[Round "7"]
[White "Wagner, Dennis"]
[Black "Lenaerts, Lennert"]
[Result "1/2-1/2"]
[ECO "D11"]
[WhiteElo "2238"]
[BlackElo "2265"]
[Annotator "broadcasts"]
[PlyCount "82"]
[EventDate "2020.08.14"]
[EventType "team-tourn"]
[TimeControl "900+5"]

1. Nf3 d5 2. e3 Nf6 3. c4 c6 4. d4 Bg4 5. Nc3 e6 6. h3 Bh5 7. g4 Bg6 8. Ne5 Nbd7 9. Nxg6 hxg6 10. a3 g5 11. Qf3 Be7 12. cxd5 cxd5 13. Bd2 Rc8 14. Bd3 Nb6 15. b3 a6 16. Kf1 Bd6 17. Kg2 Qe7 18. e4 Rxc3 19. e5 Rxb3 20. Bxg5 Nbd7 21. Rhc1 Kd8 22. exd6 Qxd6 23. Bf4 e5 24. dxe5 Nxe5 25. Qe2 Nfd7 26. Qc2 Qf6 27. Qc7+ Ke8 28. Bxe5 Nxe5 29. Qc8+ Ke7 30. Qc7+ Ke8 31. Bf5 g6 32. Qb8+ Ke7 33. Rc7+ Kd6 34. Rd7+ Kc5 35. Qc7+ Nc6 36. Rc1+ Rc3 37. Rxc3+ Qxc3 38. Qd6+ Kb6 39. Qc7+ Kc5 40. Qd6+ Kb6 41. Qc7+ Kc5 1/2-1/2

[Event "FIDE Online Olympiad Div 2 Pool A 2020"]
[Site "Online"]
[Date "2020.08.16"]
[Round "7"]
[White "Osmanodja, Filiz"]
[Black "Musabayeva, Diana"]
[Result "1-0"]
[ECO "B90"]
[WhiteElo "2086"]
[BlackElo "1704"]
[Annotator "broadcasts"]
[PlyCount "55"]
[EventDate "2020.08.14"]
[EventType "team-tourn"]
[TimeControl "900+5"]

1. e4 c5 2. Nc3 d6 3. Nf3 Nf6 4. d4 cxd4 5. Nxd4 a6 6. Be3 e5 7. Nf3 h6 8. Bc4 Be6 9. Bb3 Be7 10. O-O O-O 11. Qe2 Nbd7 12. Rad1 Qc7 13. Nh4 Rfe8 14. Nf5 Bxf5 15. exf5 Nc5 16. Nd5 Nxd5 17. Bxd5 Rac8 18. Qg4 Kf8 19. Qh5 Bf6 20. b4 Na4 21. Bb3 Nb2 22. Rxd6 g6 23. fxg6 Qxd6 24. g7+ Kxg7 25. Bxh6+ Kh8 26. Bf8+ Kg8 27. Qxf7+ Kh8 28. Qh5# 1-0

[Event "FIDE Online Olympiad Div 2 Pool A 2020"]
[Site "Online"]
[Date "2020.08.16"]
[Round "7"]
[White "Huynh, Laurent"]
[Black "Engel, Luis"]
[Result "0-1"]
[ECO "B68"]
[WhiteElo "1866"]
[BlackElo "2129"]
[Annotator "broadcasts"]
[PlyCount "110"]
[EventDate "2020.08.14"]
[EventType "team-tourn"]
[TimeControl "900+5"]

1. e4 c5 2. Nf3 d6 3. d4 cxd4 4. Nxd4 Nf6 5. Nc3 Nc6 6. Bg5 e6 7. Qd2 a6 8. O-O-O Bd7 9. f4 Be7 10. Bxf6 Bxf6 11. Nf3 Be7 12. Kb1 Qc7 13. g3 O-O-O 14. Bd3 Kb8 15. Rhe1 Rc8 16. Ne2 Rhd8 17. c3 Be8 18. Ned4 Na5 19. Qe2 g6 20. Rc1 e5 21. Nb3 Nxb3 22. axb3 exf4 23. gxf4 d5 24. e5 Qb6 25. b4 a5 26. b5 a4 27. Rc2 Bd7 28. Qf1 Rc7 29. Rec1 Rdc8 30. h4 Bc5 31. Re1 a3 32. b3 Be3 33. c4 dxc4 34. bxc4 Bxf4 35. Nd2 Bxd2 36. Rxd2 Be6 37. Rc2 Qa5 38. Rec1 Qb4+ 39. Ka1 Qc5 40. Qf4 Rd8 41. Be2 Rcd7 42. Bf3 Rd4 43. Qe3 Bf5 44. Rc3 Re8 45. e6 Rxe6 46. Qf2 Qe5 47. Bd5 Re7 48. Qa2 Rd3 49. Qxa3 Rxc3 50. Rxc3 Qf6 51. Ka2 Re2+ 52. Kb3 Qxc3+ 53. Kxc3 Re3+ 54. Kb4 Rxa3 55. Kxa3 Be6 0-1

[Event "FIDE Online Olympiad Div 2 Pool A 2020"]
[Site "Online"]
[Date "2020.08.16"]
[Round "7"]
[White "Cuvelier, Annelies"]
[Black "Schulze, Lara"]
[Result "1/2-1/2"]
[ECO "B56"]
[WhiteElo "1763"]
[BlackElo "2147"]
[Annotator "broadcasts"]
[PlyCount "126"]
[EventDate "2020.08.14"]
[EventType "team-tourn"]
[TimeControl "900+5"]

1. e4 c5 2. Nf3 d6 3. d4 cxd4 4. Nxd4 Nf6 5. Nc3 Nc6 6. Be3 Ng4 7. Bg5 h6 8. Bh4 g5 9. Bg3 Bg7 10. Nf5 Bxf5 11. exf5 Nf6 12. Be2 Qa5 13. O-O Qxf5 14. f4 g4 15. Bh4 h5 16. Bd3 Qd7 17. Qe2 a6 18. Rae1 O-O-O 19. a3 Kb8 20. b4 Rc8 21. Na4 Nd5 22. c4 Nc3 23. Nxc3 Bxc3 24. Rd1 e6 25. f5 Nd4 26. Qa2 Nxf5 27. Bxf5 exf5 28. Qb3 Be5 29. c5 Qc6 30. Qxf7 f4 31. cxd6 Bxd6 32. Bg5 Rhf8 33. Qxh5 f3 34. Qxg4 fxg2 35. Rxf8 Rxf8 36. Qxg2 Qb6+ 37. Kh1 Rh8 38. h4 Ka8 39. Qd5 Bb8 40. Qd4 Qc7 41. Qf2 Rf8 42. Qg2 Qb6 43. Rf1 Rc8 44. Rc1 Re8 45. Rf1 Qb5 46. Bf4 Re2 47. Qf3 Re8 48. Bxb8 Kxb8 49. Qf4+ Ka8 50. Qf3 Qc4 51. Qg3 Qe4+ 52. Kh2 Rd8 53. Rf2 Rh8 54. Rf4 Qe7 55. Rg4 Ka7 56. Qg1+ Ka8 57. Rg8+ Rxg8 58. Qxg8+ Ka7 59. Qg3 Qe2+ 60. Kh3 Qe6+ 61. Kh2 Qe2+ 62. Kh1 Qe4+ 63. Kh2 Qe2+ 1/2-1/2

[Event "FIDE Online Olympiad Div 2 Pool A 2020"]
[Site "Online"]
[Date "2020.08.16"]
[Round "8"]
[White "Ly, Moulthun"]
[Black "Wagner, Dennis"]
[Result "1/2-1/2"]
[ECO "D83"]
[WhiteElo "2420"]
[BlackElo "2250"]
[Annotator "broadcasts"]
[PlyCount "125"]
[EventDate "2020.08.14"]
[EventType "team-tourn"]
[TimeControl "900+5"]

1. d4 Nf6 2. c4 g6 3. Nc3 d5 4. Bf4 Bg7 5. e3 O-O 6. Rc1 Be6 7. cxd5 Nxd5 8. Nxd5 Bxd5 9. Bxc7 Qd7 10. Nf3 Nc6 11. Bg3 Rfd8 12. Bb5 Rac8 13. O-O a6 14. Ba4 Bxa2 15. Bb3 Bxb3 16. Qxb3 b5 17. h3 e6 18. Rc3 Na5 19. Qa2 Nc4 20. Rfc1 Qb7 21. b3 Nd6 22. Rxc8 Rxc8 23. Rxc8+ Nxc8 24. Qa5 Nb6 25. Bd6 Bf6 26. Bc5 Nd7 27. Bb4 h5 28. Nd2 Qc6 29. Qa1 Kh7 30. Qb1 Nb6 31. Ne4 Bg7 32. h4 Nd5 33. Bc5 Kg8 34. g3 a5 35. Qd3 Nf6 36. Nd6 b4 37. Nc4 a4 38. Ne5 Qa8 39. bxa4 Qxa4 40. Qc4 Bf8 41. Bxf8 Kxf8 42. Qc7 Qe8 43. Qb7 Nd5 44. e4 Nf6 45. Qxb4+ Kg7 46. f3 Qc8 47. Nd3 Qc2 48. Nf2 Qe2 49. Kg2 Nd7 50. Qd6 Qb5 51. g4 hxg4 52. Nxg4 Qe2+ 53. Nf2 Qb5 54. Kg3 Nf6 55. Qe5 Qf1 56. Nh3 Qe1+ 57. Kg2 Qxh4 58. Ng5 Qe1 59. Nh3 Qe2+ 60. Kg3 Qe1+ 61. Kg2 Qe2+ 62. Nf2 Qd2 63. Kg3 1/2-1/2

[Event "FIDE Online Olympiad Div 2 Pool A 2020"]
[Site "Online"]
[Date "2020.08.16"]
[Round "8"]
[White "Schulze, Lara"]
[Black "Zhang, Jilin"]
[Result "1-0"]
[ECO "B90"]
[WhiteElo "2218"]
[BlackElo "2129"]
[Annotator "broadcasts"]
[PlyCount "165"]
[EventDate "2020.08.14"]
[EventType "team-tourn"]
[TimeControl "900+5"]

1. e4 c5 2. Nf3 d6 3. d4 cxd4 4. Nxd4 Nf6 5. Nc3 a6 6. f3 e5 7. Nb3 Be7 8. Be3 Be6 9. Qd2 h5 10. Nd5 Nxd5 11. exd5 Bf5 12. Be2 Qc7 13. c4 Nd7 14. O-O a5 15. Rac1 b6 16. Na1 h4 17. Nc2 Bxc2 18. Rxc2 Rc8 19. Rfc1 Nc5 20. b3 Bf6 21. Bf1 Qe7 22. Rb1 O-O 23. a3 Rfe8 24. b4 axb4 25. axb4 Nd7 26. Ra2 e4 27. f4 Ra8 28. Be2 Bc3 29. Qc2 Rxa2 30. Qxa2 Qf6 31. Bg4 Bd4 32. Qf2 Bxe3 33. Qxe3 Nf8 34. Rf1 Qb2 35. b5 Qc2 36. Rc1 Qd3 37. Qxd3 exd3 38. Kf2 Re4 39. g3 hxg3+ 40. hxg3 d2 41. Rc2 Nd7 42. Rxd2 Nc5 43. Be2 g5 44. fxg5 Re5 45. Rd4 Kg7 46. Rf4 Ne4+ 47. Ke3 Nxg3+ 48. Kd3 Nxe2 49. Rf6 Nc1+ 50. Kc2 Ne2 51. Rxd6 Rxg5 52. Rxb6 f5 53. d6 Nd4+ 54. Kd3 Ne6 55. d7 Rg3+ 56. Ke2 Nd8 57. Rb8 Nf7 58. d8=Q Nxd8 59. Rxd8 Rc3 60. Rc8 Kf6 61. b6 Rb3 62. c5 Ke6 63. Rd8 f4 64. Rd6+ Ke7 65. Rd4 f3+ 66. Kf2 Rb5 67. Rc4 Rb3 68. c6 Kd8 69. Rd4+ Kc8 70. b7+ Kc7 71. Rc4 Rb2+ 72. Kxf3 Rb3+ 73. Ke4 Rb5 74. Kd4 Rb1 75. Kc5 Rb2 76. Rb4 Rc2+ 77. Kb5 Rh2 78. Ka4 Rh8 79. Kb5 Rh5+ 80. Ka6 Rh8 81. Ka7 Kxc6 82. b8=Q Rxb8 83. Rxb8 1-0

[Event "FIDE Online Olympiad Div 2 Pool A 2020"]
[Site "Online"]
[Date "2020.08.16"]
[Round "8"]
[White "Ryjanova, Julia"]
[Black "Osmanodja, Filiz"]
[Result "0-1"]
[ECO "E11"]
[WhiteElo "2200"]
[BlackElo "2182"]
[Annotator "broadcasts"]
[PlyCount "76"]
[EventDate "2020.08.14"]
[EventType "team-tourn"]
[TimeControl "900+5"]

1. d4 Nf6 2. c4 e6 3. Nf3 Bb4+ 4. Nbd2 O-O 5. a3 Be7 6. e4 d5 7. Bd3 c5 8. e5 Nfd7 9. cxd5 exd5 10. O-O cxd4 11. Nb3 Nc6 12. Bf4 f6 13. exf6 Bxf6 14. Re1 Nb6 15. Qc2 h6 16. Nc5 Be7 17. Bg3 Bg4 18. Nxb7 Qc8 19. Nd6 Bxd6 20. Bxd6 Rf6 21. Be5 Nxe5 22. Nxe5 Qxc2 23. Bxc2 Bf5 24. Bxf5 Rxf5 25. Rad1 Re8 26. Nf3 Rxe1+ 27. Rxe1 Rf4 28. Rd1 Nc4 29. b3 Nxa3 30. Rxd4 Rxd4 31. Nxd4 Kf7 32. f4 Kf6 33. Kf2 g5 34. g3 gxf4 35. gxf4 Nb1 36. Ke3 Nc3 37. Nb5 Nxb5 38. Kd3 Kf5 0-1

[Event "FIDE Online Olympiad Div 2 Pool A 2020"]
[Site "Online"]
[Date "2020.08.16"]
[Round "8"]
[White "Vogel, Roven"]
[Black "Kuybokarov, Temur"]
[Result "0-1"]
[ECO "D25"]
[WhiteElo "2046"]
[BlackElo "2352"]
[Annotator "broadcasts"]
[PlyCount "80"]
[EventDate "2020.08.14"]
[EventType "team-tourn"]
[TimeControl "900+5"]

1. Nf3 d5 2. d4 Nf6 3. c4 dxc4 4. e3 Be6 5. Nc3 a6 6. Ng5 Bg4 7. f3 Bc8 8. Bxc4 e6 9. a4 c5 10. d5 h6 11. Nge4 Nxd5 12. Nxd5 exd5 13. Qxd5 Qc7 14. Qh5 Nc6 15. f4 Qe7 16. O-O g6 17. Qf3 Bg7 18. Nc3 Nb4 19. e4 O-O 20. f5 Nc2 21. f6 Qxf6 22. Qxf6 Bxf6 23. Rxf6 Kg7 24. Rf2 Nxa1 25. b3 b5 26. axb5 axb5 27. Nxb5 Be6 28. Nc7 Bxc4 29. Bb2+ Kg8 30. Nxa8 Nxb3 31. Nb6 Be6 32. Nd5 Bxd5 33. exd5 Rd8 34. Re2 Nd4 35. Bxd4 cxd4 36. Re5 Kg7 37. Kf2 Kf6 38. Re4 Rxd5 39. g4 d3 40. Ke1 Re5 0-1

[Event "FIDE Online Olympiad Div 2 Pool A 2020"]
[Site "Online"]
[Date "2020.08.16"]
[Round "8"]
[White "Lim, Cassandra"]
[Black "Schneider, Jana"]
[Result "1/2-1/2"]
[ECO "E46"]
[WhiteElo "1893"]
[BlackElo "2223"]
[Annotator "broadcasts"]
[PlyCount "131"]
[EventDate "2020.08.14"]
[EventType "team-tourn"]
[TimeControl "900+5"]

1. d4 Nf6 2. c4 e6 3. Nc3 Bb4 4. e3 O-O 5. Nge2 Re8 6. a3 Bf8 7. Ng3 d5 8. Bd3 b6 9. O-O Bb7 10. Re1 Nbd7 11. e4 dxe4 12. Ncxe4 c5 13. Be3 Rc8 14. Rc1 Nxe4 15. Nxe4 cxd4 16. Bxd4 Nc5 17. Bxc5 Bxc5 18. b4 Bf8 19. Qe2 Qh4 20. Red1 Red8 21. Ng3 Ba6 22. b5 Bb7 23. a4 Bc5 24. Qh5 Qxh5 25. Nxh5 Rd6 26. Be2 Rcd8 27. Ng3 f5 28. Rxd6 Bxd6 29. Rd1 Kf7 30. Bd3 g6 31. Ne2 Bc5 32. Nc3 Ke7 33. Kf1 Bb4 34. Na2 Bd6 35. h3 Bc5 36. f3 Rd7 37. Bc2 Rc7 38. Bd3 Bd6 39. Ke2 Rc5 40. Nc1 Re5+ 41. Kf1 Rc5 42. Nb3 Rc7 43. Re1 Bb4 44. Re2 Rd7 45. Bc2 Kf6 46. Kf2 e5 47. Nc1 Rd2 48. Rxd2 Bxd2 49. Nb3 Bb4 50. Ke3 Ke6 51. Bd3 Kd6 52. Bc2 Bc8 53. Bd3 Be6 54. Be2 Bf7 55. Bd3 Bc5+ 56. Ke2 e4 57. Nxc5 exd3+ 58. Nxd3 Bxc4 59. Ke3 Bxd3 60. Kxd3 Kd5 61. f4 Kc5 62. Kc3 Kd5 63. Kd3 h6 64. h4 h5 65. g3 Kc5 66. Kc3 1/2-1/2

[Event "FIDE Online Olympiad Div 2 Pool A 2020"]
[Site "Online"]
[Date "2020.08.16"]
[Round "9"]
[White "Stoyanov, Tsvetan"]
[Black "Svane, Rasmus"]
[Result "1-0"]
[ECO "B10"]
[WhiteElo "2304"]
[BlackElo "2457"]
[Annotator "broadcasts"]
[PlyCount "113"]
[EventDate "2020.08.14"]
[EventType "team-tourn"]
[TimeControl "900+5"]

1. e4 c6 2. c4 d5 3. exd5 cxd5 4. cxd5 Nf6 5. Bb5+ Nbd7 6. Nf3 a6 7. Ba4 g6 8. O-O Nxd5 9. Nc3 N5b6 10. Bb3 Nc5 11. Bxf7+ Kxf7 12. d4 Ne6 13. Qb3 Kg7 14. Re1 Qd6 15. Be3 Nd7 16. Ne4 Qb6 17. Qd3 Qb5 18. Qd2 Nf6 19. Nc3 Qh5 20. d5 Nd8 21. Bd4 Nf7 22. Ne4 Bg4 23. Ng3 Qh6 24. Be3 g5 25. Nxg5 Nxg5 26. Bxg5 Qg6 27. h3 Bd7 28. d6 h6 29. Bh4 exd6 30. Bxf6+ Kxf6 31. Qd4+ Kf7 32. Qxh8 Bc6 33. Qd4 Bg7 34. Qc4+ d5 35. Qf4+ Kg8 36. Nf5 Kh8 37. Re3 Rf8 38. Ne7 Qf6 39. Qxf6 Rxf6 40. Rd1 Rd6 41. Nf5 Rf6 42. Nxg7 Kxg7 43. Rd4 Rd6 44. g4 Kf6 45. Kg2 Bd7 46. Kg3 Be6 47. h4 Rd8 48. Kf4 Rg8 49. g5+ hxg5+ 50. hxg5+ Kf7 51. Rg3 Kg6 52. Ke5 Bf7 53. Rf4 Re8+ 54. Kd4 Kg7 55. g6 Bg8 56. Re3 Rb8 57. Rg4 1-0